 Dungeon Crawl Stone Soup version 0.30-a0-1157-g2cc9ac7196 (webtiles) character file.

Game seed: 5491598558523496542

14 pokedragonboy the Sneak (level 2, -1/17 HPs)
             Began as a Vampire Enchanter on Apr 24, 2023.
             Slain by Natasha (2 damage)
             ... on level 2 of the Dungeon.
             The game lasted 00:02:01 (956 turns).

pokedragonboy the Sneak (Vampire Enchanter)          Turns: 956, Time: 00:02:02

Health: -1/17      AC:  4    Str:  7    XL:     2   Next: 27%
Magic:  5/5        EV: 11    Int: 17    God:
Gold:   49         SH:  0    Dex: 14    Spells: 5/5 levels left

rFire   . . .        a - +1 dagger
rCold   + + .        (no shield)
rNeg    + + +        h - +0 leather armour
rPois   ∞            (no helmet)
rElec   .            (no cloak)
rCorr   .            (no gloves)
SInv    +            l - +0 pair of boots
Will    .....        (no amulet)
Stlth   +++++        (no ring)
HPRegen 0.00/turn    (no ring)
MPRegen 0.09/turn

%: no passive effects
@: bloodless, inhibited regen, invisible
A: bloodless, fangs 3, see invisible, vampiric 1, sense surroundings 1, robust 1
a: Revivify


You were on level 2 of the Dungeon.
You visited 1 branch of the dungeon, and saw 2 of its levels.

You collected 49 gold pieces.

Inventory:

Hand Weapons
 a - a +1 dagger (weapon)
 k - a +1 sling of flaming
Missiles
 d - a throwing net (quivered)
Armour
 h - a +0 leather armour (worn)
 l - a +0 pair of boots (worn)
Jewellery
 j - a ring of magical power
Potions
 b - a potion of haste {unknown}
 c - a potion of invisibility
 e - a potion of heal wounds {unknown}
 f - a potion of magic {unknown}
 g - a potion of mutation
 i - a potion of lignification {unknown}


   Skills:
 * Level 1.6 Short Blades
 + Level 2.3 Dodging
 * Level 4.9 Stealth
 - Level 2.1 Spellcasting
 + Level 4.6 Hexes


You had 5 spell levels left.
You didn't know any spells.
Your spell library contained the following spells:

 Spells                   Type           Power      Damage    Failure   Level
 Confusing Touch          Hex            17%        N/A       13%         3
 Tukima's Dance           Hex            17%        N/A       13%         3
 Ensorcelled Hibernation  Hex/Ice        18%        N/A       17%         2
 Dazzling Flash           Conj/Hex       18%        N/A       34%         3
 Stone Arrow              Conj/Erth      2%         3d7       65%         3
 Animate Armour           Summ/Erth      2%         N/A       96%         4
 Lehudib's Crystal Spear  Conj/Erth      0%         10d2      100%        8


Dungeon Overview and Level Annotations

Branches:
Dungeon (2/15)

Altars:

Annotations:
D:2 Natasha


Innate Abilities, Weirdness & Mutations

You do not regenerate when monsters are visible.
You are frail without blood (-20% HP).
You can heal yourself when you bite living creatures.
You are immune to poison.
You have razor-sharp teeth.
You have supernaturally acute eyesight. (SInv)
You are afflicted with vampirism.
You passively map a small area around you.
You are robust. (+10% HP)


Message History

Where to? (? - help)
There is a stone staircase leading down here.
You climb downwards.
Found five items.
There is a stone staircase leading up here.
An endoplasm is nearby!
The helpless endoplasm fails to defend itself.
You impale the endoplasm!!
You kill the endoplasm!
j - a ring of magical power You see here a +1 sling of flaming.
k - a +1 sling of flaming You see here a +0 pair of boots.
l - a +0 pair of boots You start putting on your armour.
You continue putting on your +0 pair of boots. x4
You finish putting on your +0 pair of boots.
You see here 5 poisoned darts.
You now have 49 gold pieces (gained 10).
Natasha, Servant of Life and Death comes into view.
Natasha hisses angrily.
Natasha mumbles some strange words.
Natasha barely misses you.
You hit Natasha but do no damage. Natasha claws you!
Ouch! That really hurt!
The cerulean imp hits you from afar with a +2 spear.
* * * LOW HITPOINT WARNING * * *
You fade into invisibility!
Natasha mumbles some strange words.
The cerulean imp barely misses you. Natasha attacks as you move away!
Natasha claws you but does no damage.
Natasha mumbles some strange words.
Natasha attacks as you move away! Natasha claws you.
* * * LOW HITPOINT WARNING * * *
You aren't carrying any scrolls.
It was a potion of mutation.
You feel extremely strange.
You feel a strange attunement to the structure of the dungeons.
You feel robust. Natasha claws you.
You die...

#.........# *
#.........# *
#........(## ,
##.........# #####
, ##.....##.###...#
#..........#...# *
##.......##.#...#
##........##.....#
*
*#.....@..........#
###.##h#######...#
,, #5# #...# * #5#
#...# * , *#.#***
#...# #......5....#
##### ##.#........#
#........# ,
##########


You could see Natasha and 3 cerulean imps.

Vanquished Creatures
  2 endoplasms
  A giant cockroach (D:1)
  A goblin (D:1)
  2 hobgoblins (D:1)
  A quokka (D:1)
  A ball python (D:1)
  2 bats (D:1)
  2 frilled lizards (D:1)
  A rat (D:1)
13 creatures vanquished.

Notes
Turn   | Place    | Note
-------+----------+-------------------------------------------
     0 | D:1      | pokedragonboy the Vampire Enchanter began the quest for the
                  | Orb.
     0 | D:1      | Reached XP level 1. HP: 13/13 MP: 3/3
   371 | D:1      | Reached XP level 2. HP: 15/15 MP: 5/5
   945 | D:2      | Noticed Natasha
   956 | D:2      | Gained mutation: You passively map a small area around you.
                  | [potion of mutation]
   956 | D:2      | Gained mutation: You are robust. (+10% HP) [potion of
                  | mutation]
   956 | D:2      | Slain by Natasha

Illustrated notes

Levels and vault maps discovered:
D:1:      onia_arrival_pentagram, layout_rooms, serial_rivers,
          chequers_serial_rivers_small_b, chequers_serial_rivers_micro_a,
          chequers_serial_rivers_small_b, chequers_serial_rivers_small_3,
          chequers_serial_rivers_large_a, chequers_jeans, nrook_campfire
D:2:      layout_rooms, basic_altar, hellmonk_ecumenical_altar_crossroads,
          minmay_heptomino_o4, uniq_natasha

Action                     || total
---------------------------++-------
  Melee: Dagger            ||    22
Ability: Exsanguinate      ||     1
    Use: Potion            ||     2
   Stab: Sleeping          ||    10
 Armour: Robe              ||     1
         Leather armour    ||     2
  Dodge: Dodged            ||     9

Table legend: (Time is in decaauts)
 A = Elapsed time spent in this place.
 B = Non-inter-level travel time spent in this place.
 C = Inter-level travel time spent in this place.
 D = Time resting spent in this place.
 E = Time spent auto-exploring this place.
 F = Levels seen in this place.
 G = Mean time per level.
                   A        B        C        D        E       F      G
               +--------+--------+--------+--------+--------+-----+--------+
         Total |    971 |    962 |      9 |    107 |    676 |   2 |  485.5 |
       Dungeon |    971 |    962 |      9 |    107 |    676 |   2 |  485.5 |
               +--------+--------+--------+--------+--------+-----+--------+

Top non-repeatable levels by time:
     D:1: 914 daAuts
     D:2: 56 daAuts
